 Dungeon Crawl Stone Soup version 0.27.1-1-g398f81649c (webtiles) character file.

Game seed: 14673376955669246783

3514 Rickety the Covert (level 9, -8/43 HPs)
             Began as a Spriggan Enchanter on Sept 15, 2021.
             Was an Initiate of Dithmenos.
             Killed by divine providence
             ... invoked by an orc priest
              (11 damage)
             ... on level 8 of the Dungeon.
             The game lasted 00:27:29 (11577 turns).

Rickety the Covert (Spriggan Enchanter)            Turns: 11577, Time: 00:27:29

Health: -8/43      AC:  3    Str:  4    XL:     9   Next: 81%
Magic:  12/20      EV: 28    Int: 17    God:    Dithmenos [......]
Gold:   355        SH:  0    Dex: 18    Spells: 6/22 levels left

rFire    . . .     SeeInvis +   a - +3 dagger (venom)
rCold    . . .     Faith    .   (shield restricted)
rNeg     . . .     Spirit   .   e - +0 robe
rPois    .         Reflect  .   (helmet restricted)
rElec    .         Harm     .   l - +0 cloak {rCorr}
rCorr    +         Rampage  .   (gloves unavailable)
Will     +....                  (boots unavailable)
Stlth    +++++.....             c - amulet of the acrobat
HPRegen  0.14/turn              N - +4 ring of evasion
MPRegen  0.17/turn              x - +4 ring of evasion

@: very quick
A: very small, no large weapons, unfitting armour, see invisible, speed 3
a: Renounce Religion


You were on level 8 of the Dungeon.
You worshipped Dithmenos.
Dithmenos was noncommittal.
You visited 2 branches of the dungeon, and saw 9 of its levels.

You collected 355 gold pieces.

Inventory:

Hand Weapons
 a - a +3 dagger of venom (weapon)
 b - a +1 dagger of speed
 q - a +1 dagger
 s - a +1 short sword of venom
 v - a +1 dagger of venom
 I - a +0 rapier of speed
Missiles
 g - 52 poisoned darts (quivered)
 w - 2 throwing nets
 B - 3 datura-tipped darts
Armour
 e - a +0 robe (worn)
 l - a +0 cloak of preservation (worn)
 H - a +0 buckler
Jewellery
 c - an amulet of the acrobat (around neck)
 d - a ring of willpower
 x - a +4 ring of evasion (right hand)
 C - an amulet of magic regeneration
 N - a +4 ring of evasion (left hand)
Wands
 y - a wand of iceblast (10)
 E - a wand of digging (3)
 O - a wand of paralysis (9)
Scrolls
 f - a scroll of enchant weapon
 h - 2 scrolls of immolation
 j - a scroll of teleportation
 r - a scroll of fear {unknown}
 u - 2 scrolls of enchant armour {unknown}
 D - a scroll of noise {unknown}
 F - 2 scrolls of identify
 J - a scroll of blinking
Potions
 i - a potion of might {unknown}
 k - a potion of mutation {unknown}
 m - a potion of heal wounds {unknown}
 o - a potion of lignification {unknown}
 t - a potion of flight {unknown}
 z - 3 potions of brilliance
 A - a potion of ambrosia {unknown}
 G - a potion of curing {unknown}
 K - 2 potions of attraction
 L - a potion of cancellation {unknown}
 M - a potion of degeneration {unknown}


   Skills:
 * Level 2.5 Fighting
 * Level 4.5 Short Blades
 * Level 3.0 Throwing
 - Level 2.0 Armour
 * Level 5.5 Dodging
 * Level 12.4 Stealth
 * Level 0.3 Shields
 * Level 7.0 Spellcasting
 * Level 0.6 Conjurations
 * Level 7.2 Hexes
 - Level 2.0 Ice Magic
 * Level 0.9 Earth Magic
 * Level 2.9 Evocations


You had 6 spell levels left.
You knew the following spells:

 Your Spells              Type           Power      Damage    Failure   Level
a - Corona                Hex            33%        N/A       1%          1
b - Ensorcelled Hibernat  Hex/Ice        42%        N/A       2%          2
c - Confusing Touch       Hex            30%        N/A       1%          3
d - Dazzling Flash        Conj/Hex       38%        N/A       7%          3
q - Leda's Liquefaction   Hex/Erth       9%         N/A       22%         4
t - Tukima's Dance        Hex            30%        N/A       1%          3

Your spell library contained the following spells:

 Spells                   Type           Power      Damage    Failure   Level
 Portal Projectile        Hex/Tloc       36%        N/A       8%          3
 Sublimation of Blood     Necr           3%         N/A       17%         2
 Wereblood                Tmut           6%         N/A       17%         2
 Call Canine Familiar     Summ           6%         N/A       34%         3
 Yara's Violent Unravell  Hex/Tmut       9%         3d6       58%         5
 Passage of Golubria      Tloc           N/A        N/A       75%         4
 Summon Lightning Spire   Summ/Air       6%         N/A       75%         4
 Storm Form               Tmut/Air       3%         N/A       100%        7
 Summon Hydra             Summ           3%         N/A       100%        7
 Maxwell's Capacitive Co  Air            3%         ∞         100%        8


Dungeon Overview and Level Annotations

Branches:
Dungeon (8/15)             Temple (1/1) D:7            Lair (0/6) D:8

Altars:
Ashenzari
Cheibriados
Dithmenos
Elyvilon
Hepliaklqana
Kikubaaqudgha
Makhleb
Nemelex Xobeh
Okawaru
Ru
Sif Muna
Trog
Uskayaw
Vehumet
Xom
Yredelemnul
Zin

Annotations:
D:3 2 runed translucent doors


Innate Abilities, Weirdness & Mutations

You are very small and have problems with some larger weapons.
You are too small for most types of armour.
You have supernaturally acute eyesight. (SInv)
You cover ground extremely quickly. (Speed+++)


Message History

You hit the warg.
The warg is lightly wounded.
The warg completely misses you.
Casting: Ensorcelled Hibernation (safe; 2% risk of failure)
Confirm with . or Enter, or press ? or * to list all spells.
The orc priest is dazzled.
The warg misses you.
You hit the warg.
The warg is poisoned.
The warg is lightly wounded.
The warg completely misses you.
You hit the warg but do no damage.
The warg looks as sick as possible!
The warg is moderately wounded.
The orc priest looks encouraged for a moment.
The warg completely misses you.
You hit the warg.
The warg is moderately wounded.
The warg bites you!
You closely miss the warg.
The warg is heavily wounded.
The warg misses you. The orc completely misses you.
You hit the warg.
The warg is heavily wounded.
The warg barely misses you. The orc misses you.
Casting: Dazzling Flash (dangerous; 7% risk of failure)
Confirm with . or Enter, or press ? or * to list all spells.
Your hands begin to glow red.
The warg misses you. The orc closely misses you.
You hit the warg but do no damage.
The warg is heavily wounded.
The orc priest is no longer blind.
The warg barely misses you.
You hit the warg but do no damage.
The warg is heavily wounded.
The warg completely misses you. The orc barely misses you.
You hit the warg but do no damage.
The warg appears confused.
The warg is heavily wounded.
The warg bites you!
* * * LOW HITPOINT WARNING * * *
The orc hits you from afar with a +0 trident.
* * * LOW HITPOINT WARNING * * *
The orc priest calls down the wrath of Beogh upon you.
Beogh smites you!
You die...

...........##.####
***,*******,*
♣..........#######
*,,* *,*
..♣........'.....#
**,********
.♣♣........#####.#
*,*,,,,,,,
...........##**#.#
*,*,≈≈≈≈≈≈
.♣♣........#.,,#.#
*,+,≈≈≈≈≈≈
..♣...######..,#.#
***,≈≈≈≈≈≈ ♣.....#
#..,#.# *,≈≈≈≈≈≈
.....## #...#@#
*,,,,,,, ....##
#...#h# #########
##### #...oo#
######........
#.#.#'###........#####
#..........h..o..## *#
####......Y.o.)...# *.
#........#######.###.
#.######## #..#..
#.,,,,,********##.#.o


You could see a warg (confused, very poisoned), an orc priest and an orc.

Vanquished Creatures
  3 slime creatures (D:6)
  3 sky beasts
  4 ice beasts
  3 ogres
  2 necrophages
  A centaur (D:6)
  A phantom (D:6)
  A kobold brigand (D:6)
  6 scorpions
  A wyvern zombie (D:7)
  A water moccasin zombie (D:3)
  A wyvern skeleton (D:7)
  5 orc priests
  2 hounds
  5 jellies
  A bullfrog skeleton (D:7)
  A centaur skeleton (D:7)
  4 iguanas
  Crazy Yiuf (D:2)
  7 orc wizards
  Natasha (twice) (D:2)
  7 gnolls
  6 adders
  2 shadow imps
  A white imp (D:6)
  An adder skeleton (D:5)
  A worm (D:2)
  7 dart slugs
  19 orcs
  6 endoplasms
  A giant cockroach (D:3)
  7 hobgoblins
  10 kobolds
  3 quokkas
  4 ball pythons
  3 bats
  3 frilled lizards
  6 goblins
  6 rats
148 creatures vanquished.

Vanquished Creatures (collateral kills)
  2 orc warriors
  5 orcs (D:6)
  A kobold (D:6)
8 creatures vanquished.

Vanquished Creatures (others)
  7 dancing weapons
  2 fungi (D:6)
  14 toadstools (D:6)
23 creatures vanquished.

Grand Total: 179 creatures vanquished

Notes
Turn   | Place    | Note
-------+----------+-------------------------------------------
     0 | D:1      | Rickety the Spriggan Enchanter began the quest for the Orb.
     0 | D:1      | Reached XP level 1. HP: 9/9 MP: 5/5
   335 | D:1      | Reached skill level 5 in Stealth
   463 | D:1      | Reached XP level 2. HP: 13/13 MP: 4/6
   466 | D:1      | Learned a level 2 spell: Ensorcelled Hibernation
  1323 | D:1      | Found a faded altar of an unknown god.
  1796 | D:2      | Reached XP level 3. HP: 16/16 MP: 8/8
  1800 | D:2      | Learned a level 3 spell: Confusing Touch
  1801 | D:2      | Noticed Natasha
  1808 | D:2      | Killed Natasha
  2031 | D:2      | Reached skill level 6 in Stealth
  2233 | D:2      | Reached XP level 4. HP: 21/21 MP: 9/9
  2237 | D:2      | Learned a level 3 spell: Tukima's Dance
  2244 | D:2      | Noticed a necrophage
  2269 | D:2      | Killed a necrophage
  2270 | D:2      | Reached skill level 7 in Stealth
  2270 | D:2      | Reached XP level 5. HP: 15/25 MP: 7/10
  2739 | D:2      | Noticed Natasha
  2748 | D:2      | Killed Natasha
  2983 | D:2      | Found a runed translucent door.
  2984 | D:2      | Noticed Crazy Yiuf
  3064 | D:2      | Killed Crazy Yiuf
  3065 | D:2      | Reached skill level 1 in Ice Magic
  3974 | D:3      | Found a large runed translucent door.
  3975 | D:3      | Found a large runed translucent door.
  4132 | D:3      | Reached XP level 6. HP: 22/29 MP: 7/12
  4951 | D:4      | Reached skill level 8 in Stealth
  5059 | D:4      | Found a glowing silver altar of Zin.
  5090 | D:4      | Reached skill level 9 in Stealth
  5283 | D:4      | Reached XP level 7. HP: 30/32 MP: 8/14
  5548 | D:4      | Found a sparkling altar of Nemelex Xobeh.
  5720 | D:5      | Entered Level 5 of the Dungeon
  6082 | D:5      | Reached skill level 5 in Hexes
  6483 | D:5      | Found a sacrificial altar of Ru.
  6597 | D:5      | Reached skill level 1 in Fighting
  6885 | D:6      | Reached skill level 10 in Stealth
  7082 | D:6      | Reached skill level 5 in Spellcasting
  7082 | D:6      | Reached XP level 8. HP: 37/37 MP: 16/16
  8079 | D:6      | Reached skill level 1 in Throwing
  8317 | D:6      | Reached skill level 11 in Stealth
  8350 | D:6      | Reached skill level 1 in Armour
  8788 | D:6      | Reached skill level 1 in Evocations
  9373 | D:6      | Noticed a slime creature
  9374 | D:6      | Noticed a slime creature
  9374 | D:6      | Noticed a slime creature
  9396 | D:6      | Killed a slime creature
  9397 | D:6      | Reached XP level 9. HP: 29/42 MP: 9/19
  9685 | D:6      | Reached skill level 5 in Dodging
  9889 | D:7      | Learned a level 3 spell: Dazzling Flash
  9894 | D:7      | Learned a level 4 spell: Leda's Liquefaction
  9954 | D:7      | Found a staircase to the Ecumenical Temple.
  9960 | Temple   | Entered the Ecumenical Temple
  9992 | Temple   | Became a worshipper of Dithmenos the Shadowed
 10383 | D:7      | Reached skill level 12 in Stealth
 10877 | D:7      | Found an ancient bone altar of Kikubaaqudgha.
 11361 | D:8      | Found a hide-covered altar of Uskayaw.
 11432 | D:8      | Found a staircase to the Lair.
 11577 | D:8      | Killed from afar by an orc priest

Illustrated notes

Levels and vault maps discovered:
D:1:      wander_arrival_chamber, layout_basic,
          hellmonk_ecumenical_altar_heavens_door, palyth_stone_intersect
D:2:      layout_basic, small_statue_intersection, minmay_strange_pillars,
          uniq_natasha, uniq_crazy_yiuf_cottage
D:3:      layout_basic, jmf_multi_god_temple2
D:4:      layout_loops_ring, mainiacjoe_overflow_alcove_4,
          mainiacjoe_overflow_concentric_impassable, dk_noncrumbling_3
D:5:      layout_basic, nicolae_ru_path_of_blood, minmay_liquid_box
D:6:      cheibrodos_fertilizer, layout_loops_ring, serial_glass,
          glass_columns_c, glass_columns_a, item_on_display_a,
          minmay_strange_pillars
D:7:      layout_basic, kiku_gazebo_pond_becter, minmay_temple_entry_hall,
          grunt_ogre_cave
D:8:      layout_basic, mainiacjoe_overflow_small_starburst,
          erik_lair_orcish_takeover, eino_tiny_chamber, nrook_pool_corridor,
          uniq_psyche, uniq_prince_ribbit1, uniq_maggie
Temple:   hc_temple_tempest_star

Skill      XL: |  1  2  3  4  5  6  7  8  9 |
---------------+----------------------------+-----
Stealth        | 5 6 7 9 10 11 12 | 12.4
Dodging        | 3 4 5 |  5.5
Spellcasting   | 3 4 5 6 7 |  7.0
Short Blades   | 2 3 4 |  4.5
Hexes          | 4 5 6 7 |  7.2
Ice Magic      | 1 2 |  2.0
Fighting       | 1 2 |  2.5
Throwing       | 2 3 |  3.0
Armour         | 1 2 |  2.0
Evocations     | 1 2 |  2.9
Shields        | |  0.3
Conjurations   | |  0.6
Earth Magic    | |  0.9

Action                   |  1- 3 |  4- 6 |  7- 9 || total
-------------------------+-------+-------+-------++-------
Melee: Dagger            |    86 |   131 |   282 ||   499
Throw: Dart              |       |       |    30 ||    30
 Cast: Corona            |     6 |       |     1 ||     7
       Ensorcelled Hiber |    14 |    23 |    45 ||    82
       Confusing Touch   |       |     7 |    12 ||    19
       Tukima's Dance    |       |     7 |    20 ||    27
       Dazzling Flash    |       |       |     1 ||     1
  Use: Scroll            |       |       |     9 ||     9
 Stab: Sleeping          |    14 |    22 |    39 ||    75
       Distracted        |     2 |       |     2 ||     4
       Confused          |       |     5 |    10 ||    15
Armor: Robe              |     4 |    11 |    14 ||    29
Dodge: Dodged            |    50 |    60 |   199 ||   309
